 Dungeon Crawl Stone Soup: Circus Animals version 1.7-37-g2c94cca (webtiles) character file.

23685 DarthKuruptios the Arsonist (level 15, -10/134 (139) HPs) *STANDARD*
             Began as a Deep Elf Earth Elementalist on Oct 12, 2016.
             Killed by divine providence
             ... invoked by an orc priest
             ... led by an orc high priest
              (15 damage)
             ... on level 6 of the Orcish Mines on Oct 13, 2016.
             The game lasted 02:46:50 (23823 turns).

DarthKuruptios the Arsonist (DEEE)                 Turns: 23823, Time: 02:46:51

HP:   -10/134 (139) AC: 14    Str:  5    XL:     15   Next: 38%
MP:   21/175        EV: 17    Int: 22    God:
Gold: 3061          SH: 11    Dex: 20    Spells: 5 memorised, 2 levels left

rFire  . . .     rPois    .     a - +4 dagger (flame)
rCold  + . .     rElec    .     m - +2 robe
rNeg   + . .     rCorr    .     w - +3 warlock's mirror {reflect} MagicSh . . . SeeInvis .
                                (no helmet) StaminaSh . . . Faith .
                                d - +2 cloak RegenHP ++++......
SustAt .                        h - +1 pair of gloves RegenSP +++....... Dismiss .
                                q - +1 pair of boots RegenMP ++++...... Reflect +
                                (no amulet)
MR     ++...     Harm     .     c - ring of protection from cold
Stlth  +++....... Rnd*Rage +    n - ring of positive energy

@: focus, slow, very resistant to hostile enchantments, fairly stealthy
A: berserk 1
a: no special abilities


You were on level 6 of the Orcish Mines.
You were not hungry.

You visited 3 branches of the dungeon, and saw 21 of its levels.
You also visited: Sewer, Bailey and Ice Cave.

You collected 3517 gold pieces.
You spent 456 gold pieces at shops.

Inventory:

Hand Weapons
 a - a +4 dagger of flaming (weapon)
Missiles
 b - 547 stones
Armour
 d - a +2 cloak (worn)
 f - a +0 cloak of invisibility
 g - a +0 cloak of magic resistance
 h - a +1 pair of gloves (worn)
 m - a +2 robe (worn)
 q - a +1 pair of boots (worn)
 t - a +1 buckler
 u - a +4 chain mail of magic resistance
 v - the +1 buckler of Misanthropy {rF+ rCorr Str+3}
   (You took it off a kobold in a bailey)

   It affects your strength (+3).
   It protects you from fire.
   It protects you from acid and corrosion.
 w - the +3 warlock's mirror (worn) {reflect}
   (You bought it in a shop on level 5 of the Orcish Mines)
Magical Staves
 s - an uncursed staff of energy
Rods
 i - a -2 rod of shadows (12/12)
   (You found it on level 5 of the Dungeon)
Jewellery
 c - a ring of protection from cold (right hand)
 l - an uncursed ring of ice
 n - a ring of positive energy (left hand)
Wands
 e - a wand of disintegration (24/18)
 j - a wand of iceblast (10/15)
 k - a wand of lightning (15/12)
 o - a wand of polymorph (16/24)
 p - a wand of acid (20/30)
 r - a wand of digging (16/24)
Scrolls
 e - 4 scrolls of identify
 k - 5 scrolls of fog
 n - 8 scrolls of enchant weapon
 u - a scroll of recharging
 w - 2 scrolls of immolation
 x - 3 scrolls of brand weapon
 y - a scroll of enchant armour
 B - a scroll of fear
 C - 3 scrolls of noise
 F - 6 scrolls of remove curse
Potions
 c - 8 potions of stamina
 d - 16 potions of magic
 f - 8 potions of agility
 g - a potion of brilliance
 h - 7 potions of haste
 j - 4 potions of cancellation
 l - 6 potions of ambrosia
 m - 9 potions of lignification
 o - a potion of invisibility
 q - 3 potions of might
 r - a potion of resistance
 s - 14 potions of curing
 t - 5 potions of flight
 v - 4 potions of berserk rage
Books
 a - a book of Geomancy

   Spells                             Type                      Level
   a - Sandblast                      Earth                        1
   b - Passwall                       Transmutation/Earth          2
   c - Stone Arrow                    Earth                        2
   d - Petrify                        Transmutation/Earth          4
   e - Lee's Rapid Deconstruction     Transmutation/Earth          5
 p - a Necronomicon

   Spells                             Type                      Level
   a - Haunt                          Necromancy/Summoning         7
   b - Borgnjor's Revivification      Necromancy                   8
   c - Death's Door                   Charms/Necromancy/Time       8
   d - Infestation                    Necromancy                   8
   e - Necromutation                  Transmutation/Necromancy     8
 z - a book of Battle

   Spells                             Type                      Level
   a - Infusion                       Charms                       1
   b - Shroud of Golubria             Charms/Translocation         2
   c - Song of Slaying                Charms/Light                 2
   d - Spectral Weapon                Hexes/Charms                 3
   e - Regeneration                   Charms/Necromancy            3
 A - a book of Party Tricks

   Spells                             Type                      Level
   a - Summon Butterflies             Summoning/Air                1
   b - Apportation                    Translocation                1
   c - Tukima's Dance                 Hexes/Summoning              3
   d - Alistair's Intoxication        Hexes/Transmutation/Poison   5
   e - Invisibility                   Charms/Transmutation/Darkness 6
 D - the Guide on Excruciating Aid
   (You found it on level 7 of the Dungeon)

   Spells                             Type                      Level
   a - Warp Weapon                    Charms/Translocation         5
   b - Bolt of Draining               Conjuration/Necromancy/Time  5
   c - Fireball                       Conjuration/Fire/Light       5
   d - Iron Shot                      Conjuration/Earth            6
   e - Bolt of Cold                   Conjuration/Ice              6
 G - a Young Poisoner's Handbook

   Spells                             Type                      Level
   a - Sting                          Conjuration/Poison           1
   b - Mephitic Cloud                 Conjuration/Poison/Air       3
   c - Olgreb's Toxic Radiance        Poison/Light                 4
   d - Alistair's Intoxication        Hexes/Transmutation/Poison   5
   e - Venom Bolt                     Conjuration/Poison           5
 H - a Necronomicon

   Spells                             Type                      Level
   a - Haunt                          Necromancy/Summoning         7
   b - Borgnjor's Revivification      Necromancy                   8
   c - Death's Door                   Charms/Necromancy/Time       8
   d - Infestation                    Necromancy                   8
   e - Necromutation                  Transmutation/Necromancy     8
 I - a book of Annihilations

   Spells                             Type                      Level
   a - Poison Arrow                   Conjuration/Poison           6
   b - Chain Lightning                Conjuration/Air              8
   c - Lehudib's Crystal Spear        Conjuration/Ice/Earth        8
   d - Glaciate                       Ice                          9
   e - Fire Storm                     Fire                         9


   Skills:
 - Level 5.0 Fighting
 - Level 6.3 Short Blades
 - Level 3.5 Dodging
 - Level 1.3 Stealth
 - Level 6.5 Spellcasting
 + Level 11.8 Conjurations
 - Level 7.8 Transmutations
 * Level 12.7 Fire Magic
 - Level 9.8 Earth Magic


You had 2 spell levels left.
You knew the following spells:

 Your Spells              Type           Power        Failure   Level  Hunger
a - Fire Storm            Fire           #.........   74%         9    ######.
b - Stone Arrow           Erth           #.........   2%          2    ##.....
c - Lee's Rapid Deconstr  Tmut/Erth      #.........   11%         5    ###....
d - Iron Shot             Conj/Erth      #.........   16%         6    ####...
e - Mephitic Cloud        Conj/Pois/Air  #.........   3%          3    ###....


Dungeon Overview and Level Annotations

Branches:
Dungeon (7/7)                 Elf (0/4) Orc:5          Lair (7/7) D:7
    Orc (7/7) Lair:7       Shoals (0/4) Lair:5        Snake (0/4) Lair:2
 Spider (0/4) Orc:4         Swamp (0/4) Lair:5
  Dwarf: Orc:2-6     Forest: Orc:7

Altars:
Ashenzari
Gozag
Hepliaklqana
Makhleb
Trog
Uskayaw
Zin
Beogh

Shops:
D:2 *   Orc:5 [

Annotations:
D:3 got to the shop by gozag


Innate Abilities, Weirdness & Mutations

You tend to lose your temper in combat.


Message History

The bolt of lightning hits the orc. (mon hp-51)
The orc dies!
The bolt of lightning hits you!
You were prevented from receiving too much damage! (16 -> 7)
* * * LOW HITPOINT WARNING * * *; You block the orc's attack.
The orc high priest hits you from afar with a trident of feathers!
You were prevented from receiving too much damage! (9 -> 0)
The orc priest no longer looks unusually strong.
The orc warrior no longer looks unusually strong.
The orc no longer looks unusually strong. x2
The orc knight completely misses you. You block the orc warrior's attack.
The orange demon stings you but does no damage.
You block the orc warrior's attack. The gnoll completely misses you.
The ogre hits you with a giant club! (hp-14)
* * * LOW HITPOINT WARNING * * *; The orc completely misses you.
The orc warrior completely misses you.
The orc warrior hits you with a short sword! (hp-9)
* * * LOW HITPOINT WARNING * * *; The orc completely misses you.
The orc priest mumbles some strange prayers to Beogh against you. (hp-15)
You die... ### ##.# ##..## ##..o.## ##.Oooo.# ##.ooOoog## #.OOoo@o4g# #.oOooooog# ...o.Ooooog.... ...Ooog#o4o.... ...oOog

4......
...†OOO
...$...
...O..#
#......
....##
#.....


You could see 2 orc knights, 2 orc high priests, an ogre mage, an orange demon,
a hellwing, 6 two-headed ogres, a red devil, 5 orc warriors, 5 ogres, 3 orc
priests, 2 orc wizards, 6 gnolls and 14 orcs.

Vanquished Creatures
  5 orc warlords
  3 stone giants
  2 ettins (Orc:6)
  22 hydras
  Erica (Lair:1)
  2 ogre magi
  9 orc high priests
  3 fire crabs
  2 wizards (D:7)
  3 deep elf magi (D:7)
  4 griffons (Lair:7)
  8 orc knights
  A necromancer (IceCv)
  3 orc sorcerers
  A wolf spider (Orc:4)
  5 cyclopes
  13 elephants
  4 ice statues (IceCv)
  2 torpor snails
  13 black mambas
  20 spiny frogs
  Joseph (D:7)
  11 komodo dragons
  Psyche (Orc:4)
  11 rime drakes
  5 ice devils (IceCv)
  2 giant leeches (Lair:5)
  9 trolls
  5 polar bears
  12 two-headed ogres
  A snapping turtle (Lair:5)
  60 blink frogs
  13 spriggans (Lair:7)
  38 yaks
  3 hungry ghosts (Lair:7)
  9 basilisks
  A fire elemental (D:7)
  A hill giant zombie (Lair:7)
  2 swamp worms (Lair:5)
  3 wyverns
  13 hippogriffs
  16 wargs
  5 nagas (Lair:2)
  16 water moccasins
  Edmund (D:4)
  A phantom (D:6)
  Purgy (Sewer)
  3 black bears
  2 sky beasts (D:6)
  6 porcupines
  3 ice beasts
  19 ogres
  15 crocodiles
  60 orc warriors
  3 wasps (Lair:7)
  42 wolves
  3 boggarts (Lair:7)
  3 centaurs
  16 giant frogs
  A gnoll sergeant (D:7)
  2 troll zombies (Lair:7)
  Blork the orc (D:5)
  4 draconian simulacra (IceCv)
  4 killer bees (D:7)
  2 howler monkeys
  4 electric eels
  A troll simulacrum (IceCv)
  A spriggan simulacrum (IceCv)
  A centaur zombie (D:5)
  2 crimson imps
  2 hounds
  3 jellies
  3 giant frog skeletons
  2 gnoll shamans
  43 orc priests
  10 iguanas
  50 orc wizards
  11 worker ants
  3 ogre zombies (Lair:7)
  34 sheep
  A naga simulacrum (IceCv)
  3 ogre simulacra (IceCv)
  A howler monkey zombie (D:6)
  8 dart slugs
  7 giant geckos
  An ooze (D:4)
  277 orcs
  3 worms (D:2)
  22 adders
  14 giant cockroaches
  27 gnolls
  19 goblins
  14 hobgoblins
  12 jackals
  4 quokkas
  46 river rats
  2 shadow imps
  8 ball pythons
  17 bats
  A giant gecko skeleton (D:7)
  9 giant newts
  4 goblin skeletons (Lair:7)
  A goblin zombie (Lair:7)
  2 hobgoblin skeletons (Lair:7)
  4 hobgoblin zombies (Lair:7)
  24 kobolds
  8 orc zombies (Lair:7)
  11 rats
1276 creatures vanquished.

Vanquished Creatures (others)
  An orc wizard (Orc:6)
  9 orcs
  3 gnolls
  26 fungi
  20 plants
59 creatures vanquished.

Grand Total: 1335 creatures vanquished

Notes
Turn   | Place    | Note
-------+----------+-------------------------------------------
     0 | D:1      | DarthKuruptios the Deep Elf Earth Elementalist began the quest for the Orb.
     0 | D:1      | Reached XP level 1. HP: 27/27 MP: 175/175
   402 | D:1      | Reached XP level 2. HP: 35/35 MP: 153/175
   409 | D:1      | Learned a level 2 spell: Stone Arrow
   877 | D:1      | Reached XP level 3. HP: 43/43 MP: 165/175
  1350 | D:2      | Reached skill level 1 in Short Blades
  1362 | D:2      | Found a burning altar of Makhleb.
  1362 | D:2      | Noticed an Executioner
  1412 | D:2      | Reached XP level 4. HP: 48/51 MP: 140/175
  1498 | D:2      | Found a hide-covered altar of Uskayaw.
  1612 | D:2      | Found an opulent altar of Gozag.
  1617 | D:2      | Found Gozag's Platinum Reserve.
  1918 | D:3      | Reached skill level 1 in Fighting
  3262 | D:4      | Reached XP level 5. HP: 59/59 MP: 165/175
  3269 | D:4      | Learned a level 5 spell: Lee's Rapid Deconstruction
  3291 | D:4      | Reached skill level 5 in Spellcasting
  3706 | D:4      | Noticed Edmund
  3712 | D:4      | Killed Edmund
  3806 | D:4      | Found a faded altar of an unknown god.
  3849 | D:4      | Found a glowing silver altar of Zin.
  4408 | D:5      | Entered Level 5 of the Dungeon
  4463 | D:5      | Found a glowing drain.
  4491 | Sewer    | Entered a sewer
  4584 | Sewer    | Noticed Purgy
  4587 | Sewer    | Killed Purgy
  4736 | D:5      | Reached XP level 6. HP: 67/67 MP: 165/175
  4816 | D:5      | Noticed Blork the orc
  4823 | D:5      | Killed Blork the orc
  4852 | D:5      | Identified a -2 rod of shadows (12/12) (You found it on level 5 of the Dungeon)
  5172 | D:5      | Found a shattered altar of Ashenzari.
  5172 | D:5      | Found a hazy altar of Hepliaklqana.
  5723 | D:6      | Reached XP level 7. HP: 75/75 MP: 130/175
  5726 | D:6      | Reached skill level 5 in Earth Magic
  7032 | D:7      | Entered Level 7 of the Dungeon
  7274 | D:7      | Noticed Joseph
  7277 | D:7      | Killed Joseph
  7359 | D:7      | Found a staircase to the Lair.
  7413 | D:7      | Reached XP level 8. HP: 42/83 MP: 112/175
  7521 | D:7      | Noticed a deep elf mage
  7523 | D:7      | Noticed a deep elf mage
  7541 | D:7      | Noticed a deep elf mage
  7545 | D:7      | Killed a deep elf mage
  7719 | D:7      | Killed a deep elf mage
  7862 | D:7      | Killed a deep elf mage
  7903 | D:7      | Noticed a wizard
  7903 | D:7      | Noticed a wizard
  7906 | D:7      | Killed a wizard
  7911 | D:7      | Killed a wizard
  7911 | D:7      | Reached XP level 9. HP: 82/91 MP: 112/175
  7919 | D:7      | Identified the Guide on Excruciating Aid
  7927 | D:7      | Learned a level 6 spell: Iron Shot
  8019 | Lair:1   | Entered Level 1 of the Lair of Beasts
  8024 | Lair:1   | Reached skill level 5 in Transmutations
  8027 | Lair:1   | Reached skill level 1 in Conjurations
  8850 | Lair:1   | Reached XP level 10. HP: 99/99 MP: 160/175
  9154 | Lair:1   | Noticed Erica
  9160 | Lair:1   | Killed Erica
  9873 | Lair:2   | Learned a level 3 spell: Mephitic Cloud
 10193 | Lair:2   | Found a staircase to the Snake Pit.
 10401 | Lair:2   | Reached XP level 11. HP: 79/105 MP: 101/175
 10769 | Lair:3   | Reached skill level 5 in Short Blades
 10769 | Lair:3   | Reached skill level 5 in Conjurations
 11696 | Lair:3   | Noticed a three-headed hydra
 11696 | Lair:3   | Noticed a three-headed hydra
 11698 | Lair:3   | Noticed a three-headed hydra
 11704 | Lair:3   | Killed a three-headed hydra
 11965 | Lair:3   | Killed a three-headed hydra
 13193 | Lair:5   | Reached XP level 12. HP: 115/115 MP: 146/175
 14089 | Lair:5   | Found a staircase to the Swamp.
 14426 | Lair:5   | Found a staircase to the Shoals.
 15474 | Lair:6   | Reached skill level 5 in Fighting
 15474 | Lair:6   | Reached XP level 13. HP: 120/120 MP: 146/175
 15585 | Lair:6   | Learned a level 9 spell: Fire Storm
 15589 | Lair:6   | Reached skill level 1 in Fire Magic
 15659 | Lair:6   | Reached skill level 2 in Fire Magic
 15838 | Lair:6   | Gained mutation: You are slightly more likely to lose good mutations. [potion of mutation]
 15838 | Lair:6   | Gained mutation: You possess an exceptional clarity of mind. [potion of mutation]
 15838 | Lair:6   | Gained mutation: You have a pair of small horns on your head. [potion of mutation]
 15865 | Lair:7   | Entered Level 7 of the Lair of Beasts
 15872 | Lair:7   | HP: 8/120 [griffon (11)]
 15876 | Lair:7   | Reached skill level 3 in Fire Magic
 16090 | D:7      | Lost mutation: You possess an exceptional clarity of mind. [potion of cure mutation]
 16090 | D:7      | Lost mutation: You have a pair of small horns on your head. [potion of cure mutation]
 16090 | D:7      | Lost mutation: You are slightly more likely to lose good mutations. [potion of cure mutation]
 16288 | Lair:7   | Reached skill level 4 in Fire Magic
 16349 | Lair:7   | Found a staircase to the Orcish Mines.
 16468 | Lair:7   | Reached skill level 5 in Fire Magic
 16856 | Lair:7   | Reached skill level 6 in Fire Magic
 17335 | Lair:7   | Reached skill level 7 in Fire Magic
 17426 | Lair:7   | Reached XP level 14. HP: 112/129 MP: 50/175
 17936 | Lair:7   | Reached skill level 8 in Fire Magic
 18595 | Orc:1    | Entered Level 1 of the Orcish Mines
 18787 | Orc:3    | Noticed an orc warlord
 18792 | Orc:2    | HP: 11/129 [orc/hand axe (4)]
 19144 | Orc:2    | Reached skill level 10 in Conjurations
 19237 | Orc:2    | Found a flagged portal.
 19257 | Bailey   | Entered a bailey
 19344 | Bailey   | Got a crude buckler
 19376 | Bailey   | Identified the +1 buckler of Misanthropy {rF+ rCorr Str+3} (You took it off a kobold in a bailey)
 20377 | Orc:3    | Found a frozen archway.
 20388 | IceCv    | Entered an ice cave
 20701 | IceCv    | Reached skill level 9 in Fire Magic
 21149 | Orc:3    | Found a roughly hewn altar of Beogh.
 21261 | Orc:3    | Killed an orc warlord
 21268 | Orc:3    | HP: 7/131 [orc knight/enchanted war axe (20)]
 21575 | Orc:4    | Noticed an orc warlord
 21663 | Orc:4    | Killed an orc warlord
 21676 | Orc:4    | Reached skill level 10 in Fire Magic
 21880 | Orc:5    | HP: 3/131 [two-headed ogre/giant spiked club (26)]
 21920 | Orc:4    | Found a bloodstained altar of Trog.
 21920 | Orc:4    | Noticed Psyche
 21925 | Orc:4    | Killed Psyche
 21996 | Orc:4    | Found a hole to the Spider Nest.
 22231 | Orc:5    | Found Gashrez's Armour Boutique.
 22316 | Orc:5    | Bought the +3 warlock's mirror {reflect} for 456 gold pieces
 22665 | Orc:6    | HP: 7/131 [orc warrior/halberd[an orc knight] (37)]
 22675 | Orc:6    | Reached skill level 11 in Fire Magic
 22993 | Orc:7    | Entered Level 7 of the Orcish Mines
 22996 | Orc:7    | Noticed an orc warlord
 23008 | Orc:7    | Killed an orc warlord
 23008 | Orc:7    | Reached XP level 15. HP: 129/138 MP: 81/175
 23107 | Orc:6    | HP: 10/138 [orc priest/divine providence (6)]
 23246 | Orc:5    | Reached skill level 12 in Fire Magic
 23253 | Orc:5    | Gained mutation: You tend to lose your temper in combat. [a neqoxec]
 23413 | Orc:5    | Found a staircase to the Elven Halls.
 23816 | Orc:6    | HP: 10/134 [orc high priest/divine providence (6)]
 23823 | Orc:6    | HP: 5/134 [orc warrior/short sword[an orc high priest] (9)]
 23823 | Orc:6    | Killed from afar by an orc priest

Skill      XL: |  1  2  3  4  5  6  7  8  9 10 11 12 13 14 15 |
---------------+----------------------------------------------+-----
Spellcasting   | 4 5 6 |  6.5
Short Blades   | 1 2 3 4 5 6 |  6.3
Earth Magic    | 4 5 6 7 8 9 |  9.8
Fighting       | 1 2 3 4 5 |  5.0
Transmutations | 2 3 4 5 6 7 |  7.8
Conjurations   | 3 4 6 7 9 11 | 11.8
Fire Magic     | 7 11 12 | 12.7
Dodging        | |  3.5
Stealth        | |  1.3

Action                   |  1- 3 |  4- 6 |  7- 9 | 10-12 | 13-15 || total
-------------------------+-------+-------+-------+-------+-------++-------
Melee: Dagger            |       |       |     2 |     2 |    12 ||    16
       Staff             |       |       |       |     1 |       ||     1
 Cast: Sandblast         |    26 |       |       |       |       ||    26
       Stone Arrow       |    67 |   189 |   207 |   470 |   799 ||  1732
       Mephitic Cloud    |       |       |       |     9 |     7 ||    16
       Iron Shot         |       |       |       |    48 |   264 ||   312
Evoke: Staff of energy   |       |       |       |     1 |       ||     1
       Wand              |       |       |       |       |     2 ||     2
  Use: Scroll            |     6 |    13 |     6 |     6 |    15 ||    46
       Potion            |       |       |     5 |     2 |    13 ||    20
Armor: Robe              |    12 |    20 |    34 |    65 |   506 ||   637
Dodge: Dodged            |    80 |    74 |   205 |   487 |  2213 ||  3059
Block: Buckler           |       |       |       |       |   984 ||   984
       Reflection        |       |       |       |       |    21 ||    21
